 Dungeon Crawl Stone Soup version 0.30.1 (webtiles) character file.

Game seed: 15875486428851021673

252 Graphine the Chopper (level 6, 0/53 HPs)
             Began as a Hill Orc Fighter on July 9, 2023.
             Was an Initiate of Beogh.
             Killed by divine providence
             ... invoked by an orc priest
              (14 damage)
             ... on level 4 of the Dungeon.
             The game lasted 00:05:39 (2585 turns).

Graphine the Chopper (Hill Orc Fighter)             Turns: 2585, Time: 00:05:43

Health: 0/53       AC: 11    Str: 21    XL:     6   Next: 14%
Magic:  7/7        EV: 10    Int:  8    God:    Beogh [......]
Gold:   158        SH:  0    Dex: 10    Spells: 5/5 levels left

rFire   + . .        a - +0 war axe
rCold   . . .        c - +0 buckler
rNeg    . . .        m - +3 leather armour {rF+}
rPois   .            (no helmet)
rElec   .            n - +0 cloak
rCorr   .            (no gloves)
SInv    .            (no boots)
Will    .....        (no amulet) Stlth
                     f - +4 ring of protection
HPRegen 0.28/turn    (no ring)
MPRegen 0.10/turn

%: no passive effects
@: confused, mighty, ambrosia-drunk
A: no striking features
a: Renounce Religion


You were on level 4 of the Dungeon.
You worshipped Beogh.
Beogh was noncommittal.
You visited 1 branch of the dungeon, and saw 4 of its levels.

You collected 158 gold pieces.

Inventory:

Hand Weapons
 a - a +0 war axe (weapon)
Armour
 c - a +0 buckler (worn)
 m - a +3 leather armour of fire resistance (worn)
 n - a +0 cloak (worn)
Jewellery
 f - a +4 ring of protection (left hand)
Wands
 l - a wand of acid (5)
Potions
 b - a potion of magic
 d - 2 potions of might
 e - a potion of brilliance


   Skills:
 + Level 4.6 Fighting
 * Level 5.4 Axes
 + Level 4.3 Armour
 + Level 4.2 Shields
 + Level 2.1 Invocations


You had 5 spell levels left.
You didn't know any spells.
Your spell library contained the following spells:

 Spells                   Type           Power      Damage    Failure   Level
 Sting                    Tmut/Pois      0%         1d3       52%         1
 Poisonous Vapours        Pois/Air       0%         N/A       67%         2
 Dazzling Flash           Conj/Hex       0%         N/A       88%         3
 Volatile Blastmotes      Fire/Tloc      0%         2d10      88%         3
 Iskenderun's Mystic Bla  Conj/Tloc      0%         2d3       99%         4
 Olgreb's Toxic Radiance  Pois           0%         N/A       99%         4
 Starburst                Conj/Fire      0%         6d3       100%        6


Dungeon Overview and Level Annotations

Branches:
Dungeon (4/15)
 Temple: D:4-7

Altars:


Message History

An orc is nearby!
A howler monkey comes into view.
The howler monkey howls!
You hear a shout! x2
An orc priest comes into view. It is wielding a +0 club.
An orc priest comes into view. It is wielding a +0 falchion.
The howler monkey hoots and howls with incredible vigour!
The orc priest mumbles some strange prayers to Beogh against you.
Beogh smites you!
You hear a shout! x4
An orc comes into view. It is wielding a +0 hand axe.
The orc shouts!
An orc wizard comes into view. It is wielding a +0 dagger.
A hobgoblin comes into view.
The orc priest mumbles some strange prayers to Beogh against you.
Beogh smites you!
The orc priest mumbles some strange prayers to Beogh against you.
Beogh smites you! The howler monkey closely misses you.
The hobgoblin attacks as you move away! The hobgoblin barely misses you.
The howler monkey attacks as you move away!
You block the howler monkey's attack.
The orc priest calls down the wrath of Beogh upon you.
Beogh smites you!
* * * LOW HITPOINT WARNING * * *
You are confused.
You feel invigorated. The howler monkey barely misses you.
You slash the howler monkey!
The howler monkey is heavily wounded.
The howler monkey barely misses you.
The orc wizard gestures wildly while chanting.
The orc wizard flickers and vanishes!
Deactivating autopickup; reactivate with Ctrl-A.
You hear a shout!
You feel very mighty all of a sudden.
You hear a shout!
The howler monkey hits you.
* * * LOW HITPOINT WARNING * * *
The orc priest mumbles some strange prayers to Beogh against you.
Beogh smites you!
You die...
Beogh appreciates the orc priest's killing of a heretic priest.

##### #...######
###........###########
#................$...#
........##.###.#@###.#
#†..<...##....###hgo.#
.............##
##o.o.o...
###...#####.#.#
.##{#.... ##.##
#.##.#.. ...#.# #.#
#.. ...# #..## #.#
.###..# .## #.# .#
#..# # ..# .. ..


You could see a howler monkey, 2 orc priests, 2 orcs and a hobgoblin.

Vanquished Creatures
  Crazy Yiuf (D:3)
  Jessica (D:3)
  Ijyb (D:3)
  A sleepcap (D:3)
  Natasha (D:3)
  An orc wizard (D:3)
  4 adders
  A worm (D:2)
  3 dart slugs
  An orc (D:2)
  6 ball pythons
  5 bats
  5 endoplasms
  4 giant cockroaches
  3 goblins (D:1)
  3 hobgoblins
  7 kobolds
  3 quokkas
  2 frilled lizards
  3 rats
56 creatures vanquished.

Vanquished Creatures (others)
  A quokka (D:3)
  A frilled lizard (D:3)
2 creatures vanquished.

Grand Total: 58 creatures vanquished

Notes
Turn   | Place    | Note
-------+----------+-------------------------------------------
     0 | D:1      | Graphine the Hill Orc Fighter began the quest for the Orb.
     0 | D:1      | Reached XP level 1. HP: 19/19 MP: 1/1
   111 | D:1      | Reached skill level 3 in Axes
   134 | D:1      | Reached XP level 2. HP: 27/27 MP: 2/2
   448 | D:1      | Reached XP level 3. HP: 26/33 MP: 3/3
  1043 | D:2      | Reached skill level 4 in Axes
  1088 | D:2      | You fall into a shaft and drop 1 floor!
  1102 | D:3      | Became a worshipper of Beogh the Brigand
  1145 | D:3      | Reached XP level 4. HP: 11/40 MP: 4/4
  1635 | D:3      | Reached skill level 1 in Invocations
  1635 | D:3      | Reached XP level 5. HP: 28/47 MP: 5/5
  2127 | D:3      | Noticed Natasha
  2136 | D:3      | Killed Natasha
  2208 | D:3      | Noticed Ijyb
  2224 | D:3      | Killed Ijyb
  2225 | D:3      | Reached skill level 5 in Axes
  2267 | D:3      | Noticed Jessica
  2271 | D:3      | Killed Jessica
  2436 | D:3      | Found a runed translucent door.
  2437 | D:3      | Noticed Crazy Yiuf
  2443 | D:3      | Killed Crazy Yiuf
  2444 | D:3      | Reached XP level 6. HP: 50/53 MP: 4/7
  2585 | D:4      | Killed from afar by an orc priest

Illustrated notes

Levels and vault maps discovered:
D:1:      ncdulo_wetmaze, layout_basic
D:2:      layout_loops_corners, uniq_sigmund
D:3:      layout_basic, minmay_cupped, uniq_ijyb, uniq_natasha, uniq_jessica,
          uniq_crazy_yiuf_cottage
D:4:      layout_loops_ring, nicolae_wu_jian_wuxing_cycle,
          gammafunk_temple_overflow_claw, minmay_temple_entry_poolview,
          nicolae_grassy_gnolls

Skill      XL: |  1  2  3  4  5 |
---------------+----------------+-----
Axes           | 3 4 5 |  5.4
Fighting       | 4 |  4.6
Invocations    | 1 2 |  2.1
Armour         | 4 |  4.3
Shields        | 4 |  4.2

Action                     |  1- 3 |  4- 6 || total
---------------------------+-------+-------++-------
  Melee: War axe           |   135 |    70 ||   205
 Invoke: Convert to Beogh  |     1 |       ||     1
  Evoke: Wand              |       |     1 ||     1
    Use: Scroll            |       |     6 ||     6
         Potion            |       |     2 ||     2
 Armour: Scale mail        |    86 |    43 ||   129
         Leather armour    |       |     2 ||     2
  Dodge: Dodged            |    69 |    28 ||    97
  Block: Buckler           |    33 |    14 ||    47
